 Dungeon Crawl Stone Soup version 0.29-a0-231-g945431f764 (webtiles) character file.

Game seed: 965054269517775652

84 testman the Shooter (level 4, -4/40 HPs)
             Began as a Minotaur Hunter on Feb 28, 2022.
             Was a Believer of Elyvilon.
             Slain by an ice beast (5 damage)
             ... on level 3 of the Dungeon.
             The game lasted 00:05:28 (1889 turns).

testman the Shooter (Minotaur Hunter)               Turns: 1889, Time: 00:05:29

Health: -4/40      AC:  3    Str: 17    XL:     4   Next: 23%
Magic:  3/3        EV: 12    Int:  8    God:    Elyvilon [**....]
Gold:   55         SH:  0    Dex: 12    Spells: 3/3 levels left

rFire   . . .      SeeInvis .   a - +1 shortbow
rCold   . . .      Faith    .   (shield currently unavailable)
rNeg    . . .      Spirit   .   b - +0 leather armour
rPois   .          Reflect  .   (helmet restricted)
rElec   .          Harm     .   (no cloak)
rCorr   .          Rampage  .   (no gloves)
Will    .....                   (no boots)
Stlth   +.........              (no amulet)
HPRegen 0.13/turn               (no ring)
MPRegen 0.08/turn               (no ring)

@: no status effects
A: horns 2, retaliatory headbutt
a: Renounce Religion, Purification, Heal Other


You were on level 3 of the Dungeon.
You worshipped Elyvilon.
Elyvilon was pleased with you.
You visited 1 branch of the dungeon, and saw 3 of its levels.

You collected 88 gold pieces.
You spent 33 gold pieces at shops.

Inventory:

Hand Weapons
 a - a +1 shortbow (weapon)
Armour
 b - a +0 leather armour (worn)
Jewellery
 e - a ring of fire
Scrolls
 c - a scroll of enchant armour {unknown}
 d - a scroll of brand weapon {unknown}
 f - 2 scrolls of identify {unknown}
 g - a scroll of blinking {unknown}
 h - a scroll of noise {unknown}
Potions
 i - a potion of curing


   Skills:
 + Level 4.1 Fighting
 + Level 5.3 Bows
 - Level 2.4 Dodging
 - Level 1.1 Stealth


You had 3 spell levels left.
You didn't know any spells.
Your spell library contained the following spells:

 Spells                   Type           Power      Damage    Failure   Level
 Summon Guardian Golem    Hex/Summ       0%         N/A       85%         3
 Orb of Destruction       Conj           0%         9d5       100%        7
 Spellforged Servitor     Conj/Summ      0%         N/A       100%        7


Dungeon Overview and Level Annotations

Branches:
Dungeon (3/15)

Altars:
Elyvilon

Shops:
D:2 !


Innate Abilities, Weirdness & Mutations

You have a pair of horns on your head.
You reflexively headbutt those who attack you in melee.


Message History

* * * LOW HITPOINT WARNING * * *
The ice beast freezes you.
* * * LOW HITPOINT WARNING * * *
Shoot: a) +1 shortbow
Press: ? - help, Q - select action, (/) - cycle Shift-Dir - straight line, f/p - ice beast
Aim: an ice beast (severely wounded, 63% to hit)
You shoot an arrow.
The arrow hits the ice beast but does no damage.
The ice beast is severely wounded.
The ice beast closely misses you. x2
Shoot: a) +1 shortbow
Press: ? - help, Q - select action, (/) - cycle Shift-Dir - straight line, f/p - ice beast
Aim: an ice beast (severely wounded, 63% to hit)
You shoot an arrow.
The arrow hits the ice beast but does no damage.
The ice beast is severely wounded.
The ice beast hits you but does no damage.
Shoot: a) +1 shortbow
Press: ? - help, Q - select action, (/) - cycle Shift-Dir - straight line, f/p - ice beast
Aim: an ice beast (severely wounded, 63% to hit)
You shoot an arrow. The arrow hits the ice beast.
The ice beast is severely wounded.
The ice beast closely misses you.
Shoot: a) +1 shortbow
Press: ? - help, Q - select action, (/) - cycle Shift-Dir - straight line, f/p - ice beast
Aim: an ice beast (severely wounded, 63% to hit)
You shoot an arrow. The arrow hits the ice beast.
The ice beast is severely wounded.
The ice beast barely misses you. The ice beast hits you.
* * * LOW HITPOINT WARNING * * *
The ice beast freezes you. Elyvilon protects you from harm!
Shoot: a) +1 shortbow
Press: ? - help, Q - select action, (/) - cycle Shift-Dir - straight line, f/p - ice beast
Aim: an ice beast (severely wounded, 63% to hit)
You shoot an arrow. The arrow closely misses the ice beast.
The ice beast hits you. Elyvilon protects you from harm!
The ice beast freezes you.
You die...

.# .. ... #. .. ..####
#.. .. .....# #.!.#.
#.##.#
...#.##.##.##########
..................#
#..##Y##.##.##.##.##.#
#.....@.....##.##.##.#
#.####...#####.#..##.#
........# #.#.###.#
#####...# #.......#
#..... ###.#####
#.....# #.# #.....#
#.# #.....# ####.#####
#.....# #........#


You could see an ice beast.

Vanquished Creatures
  A gnoll (D:1)
  3 adders (D:2)
  3 dart slugs (D:1)
  2 bats (D:2)
  2 endoplasms
  2 giant cockroaches (D:1)
  4 hobgoblins (D:2)
  5 kobolds
  4 quokkas
  4 ball pythons
  2 frilled lizards (D:1)
  4 goblins
  6 rats
42 creatures vanquished.

Notes
Turn   | Place    | Note
-------+----------+-------------------------------------------
     0 | D:1      | testman the Minotaur Hunter began the quest for the Orb.
     0 | D:1      | Reached XP level 1. HP: 18/18 MP: 0/0
    20 | D:1      | Reached skill level 1 in Stealth
    20 | D:1      | Reached XP level 2. HP: 18/25 MP: 1/1
   372 | D:1      | Found a faded altar of an unknown god.
   378 | D:1      | Prayed at the altar of an unknown god.
   378 | D:1      | Became a worshipper of Elyvilon the Healer
   378 | D:1      | Reached * piety under Elyvilon
   523 | D:1      | Reached XP level 3. HP: 25/31 MP: 2/2
  1109 | D:2      | Reached skill level 5 in Bows
  1311 | D:2      | Reached XP level 4. HP: 33/40 MP: 3/3
  1565 | D:2      | Reached ** piety under Elyvilon
  1711 | D:2      | Found Ikuutep's Distillery.
  1731 | D:2      | Bought a potion of curing for 33 gold pieces
  1874 | D:3      | Noticed an ice beast
  1884 | D:3      | HP: 1/40 [ice beast (5)]
  1888 | D:3      | Elyvilon protects you from harm!
  1889 | D:3      | Elyvilon protects you from harm!
  1889 | D:3      | Slain by an ice beast

Illustrated notes

Levels and vault maps discovered:
D:1:      minmay_arrival_wavy_path, layout_loops_cross,
          dreamdust_ecumenical_altar_angels_and_demons
D:2:      layout_loops_corners, serial_shops, nicolae_shop_statue_plus
D:3:      layout_loops_cross

Skill      XL: |  1  2  3 |
---------------+----------+-----
Stealth        | 1 |  1.1
Fighting       | 3 4 |  4.1
Bows           | 5 |  5.3
Dodging        | |  2.4

Action                   |  1- 3 |  4- 6 || total
-------------------------+-------+-------++-------
 Fire: Shortbow          |    86 |    30 ||   116
Armor: Leather armour    |     6 |     6 ||    12
Dodge: Dodged            |    21 |     7 ||    28

Table legend: (Time is in decaauts)
 A = Elapsed time spent in this place.
 B = Non-inter-level travel time spent in this place.
 C = Inter-level travel time spent in this place.
 D = Time resting spent in this place.
 E = Time spent auto-exploring this place.
 F = Levels seen in this place.
 G = Mean time per level.
                   A        B        C        D        E       F      G
               +--------+--------+--------+--------+--------+-----+--------+
         Total |   1921 |   1830 |     91 |      0 |   1597 |   3 |  640.3 |
       Dungeon |   1921 |   1830 |     91 |      0 |   1597 |   3 |  640.3 |
               +--------+--------+--------+--------+--------+-----+--------+

Top non-repeatable levels by time:
     D:2: 978 daAuts
     D:1: 871 daAuts
     D:3: 71 daAuts
